 Dungeon Crawl Stone Soup version 0.28.0-1-gb440e238dd (webtiles) character file.

Game seed: 14358247364442914951

445 zeram the Cutter (level 7, 0/46 HPs)
             Began as an Octopode Fighter on Feb 24, 2022.
             Slain by a river rat (8 damage)
             ... in a sewer.
             The game lasted 00:05:42 (3981 turns).

zeram the Cutter (Octopode Fighter)                 Turns: 3981, Time: 00:05:43

Health: 0/46       AC:  1    Str: 15    XL:     7   Next: 3%
Magic:  7/7        EV: 13    Int: 12    God:
Gold:   128        SH:  4    Dex: 12    Spells: 6/6 levels left

rFire   . . .      SeeInvis .   d - +1 dagger (holy)
rCold   . . .      Faith    .   b - +0 buckler
rNeg    . . .      Spirit   .   (helmet restricted)
rPois   .          Reflect  .   (no amulet)
rElec   .          Harm     .   (no ring)
rCorr   .          Rampage  .   (no ring)
Will    .....                   (no ring)
Stlth   ++++......              (no ring)
HPRegen 0.15/turn               (no ring)
MPRegen 0.10/turn               (no ring)
                                (no ring)
                                (no ring)

@: no status effects
A: almost no armour, amphibious, 8 rings, camouflage 1, gelatinous body 1,
nimble swimmer 1, tentacles
a: no special abilities


You were in a sewer.
You visited 1 branch of the dungeon, and saw 4 of its levels.
You also visited: Sewer.

You collected 128 gold pieces.

Inventory:

Hand Weapons
 a - a +0 rapier
 d - a +1 dagger of holy wrath (weapon)
Missiles
 l - 4 boomerangs (quivered)
Armour
 b - a +0 buckler (worn)
Wands
 c - a wand of flame (10)
 g - a wand of acid (12)
Potions
 e - a potion of degeneration
 h - a potion of cancellation
 k - a potion of curing


   Skills:
 - Level 3.0 Fighting
 + Level 5.5 Short Blades
 + Level 4.2 Dodging
 + Level 3.7 Stealth
 + Level 3.8 Shields


You had 6 spell levels left.
You didn't know any spells.
Your spell library contained the following spells:

 Spells                   Type           Power      Damage    Failure   Level
 Foxfire                  Conj/Fire      0%         2x1d4     38%         1
 Blink                    Tloc           0%         N/A       54%         2
 Conjure Flame            Conj/Fire      0%         6-21      77%         3
 Gell's Gravitas          Tloc           0%         N/A       77%         3
 Ignite Poison            Fire/Tmut/Pois 0%         N/A       77%         3
 Inner Flame              Hex/Fire       0%         N/A       77%         3
 Lesser Beckoning         Tloc           0%         N/A       77%         3
 Mephitic Cloud           Conj/Pois/Air  0%         N/A       77%         3
 Teleport Other           Tloc           0%         N/A       77%         3
 Flame Wave               Conj/Fire      0%         2d4       99%         4
 Freezing Cloud           Conj/Ice/Air   0%         6-21      100%        5
 Manifold Assault         Tloc           0%         N/A       100%        5


Dungeon Overview and Level Annotations

Branches:
Dungeon (4/15)              Sewer (1/1)
 Temple: D:4-7

Altars:
Ashenzari
Okawaru


Innate Abilities, Weirdness & Mutations

You cannot wear most types of armour.
You are amphibious.
You can wear up to eight rings at the same time.
Your skin changes colour to match your surroundings (Stealth+).
Your rubbery body absorbs attacks. (AC +1, EV +1)
You are camouflaged when in or above water. (Stealth+)
You have tentacles for arms and can constrict up to eight enemies at once.


Message History

You are no longer poisoned.
The adder closely misses you. The adder bites you.
You are poisoned.
The adder poisons you! The ball python completely misses you.
The ball python grabs you. The ball python constricts you. The adder bites you.
The ball python hisses angrily.
You hit the adder.
The adder is moderately wounded.
You constrict the adder.
You feel sick. The adder closely misses you. The ball python misses you.
The ball python constricts you.
Unknown command.
You barely miss the adder.
The adder is heavily wounded.
You constrict the adder.
You feel sick. The adder closely misses you. The adder bites you.
You are more poisoned.
The adder poisons you! The ball python bites you.
* * * LOW HITPOINT WARNING * * *
The ball python constricts you.
* * * LOW HITPOINT WARNING * * *
It was a potion of curing.
You feel better.
You constrict the adder.
You kill the adder!
The adder bites you.
* * * LOW HITPOINT WARNING * * *
You block the ball python's attack. The ball python constricts you.
* * * LOW HITPOINT WARNING * * *
Okay, then.
You aren't carrying any scrolls.
You escape the ball python's grasp.
You block the adder's attack. The adder misses you.
Okay, then.
You completely miss the adder. You grab the adder. You squeeze the adder.
The adder is moderately wounded.
You constrict the adder. The river rat closely misses you. The adder bites you.
* * * LOW HITPOINT WARNING * * *
Unknown command.
You hit the adder. You squeeze the adder.
You kill the adder!
The river rat bites you!
You die...

#≈≈≈††≈#
#≈≈≈≈≈≈#
#≈≈≈≈≈≈#
#≈≈≈≈≈≈#
#≈≈≈≈≈≈#
#≈≈≈≈≈≈#
#≈≈≈≈≈≈#
#≈≈≈≈≈≈#
#≈≈≈≈≈≈#
#≈≈≈≈≈≈#
#≈≈≈≈.≈#
#≈≈≈≈≈≈#
#≈≈≈≈≈≈#
#≈≈≈#≈.#
#≈.≈≈≈≈#
#≈≈≈≈≈≈#
#≈≈≈≈≈≈#
#@≈≈≈≈≈#
#≈≈≈≈≈≈#
#rSr≈≈≈#
#≈≈≈≈≈≈#
#S†r≈≈≈#
#≈≈≈≈≈≈#
#≈≈r≈≈≈#
#≈≈≈≈≈≈#
#≈≈≈≈≈≈#
#≈≈≈≈≈≈#
#≈≈≈≈≈≈#
#≈≈≈≈≈≈#
#≈≈≈≈≈≈#
##≈..≈.#
##.....#
#......#
#......#


You could see a river rat, 2 ball pythons and 3 rats.

Vanquished Creatures
  Sigmund (D:2)
  An orc priest (D:3)
  Natasha (thrice) (D:2)
  Robin (D:3)
  A river rat (Sewer)
  6 adders
  An adder skeleton (D:2)
  A worm (D:2)
  2 dart slugs
  4 orcs (D:3)
  5 endoplasms
  6 giant cockroaches
  10 hobgoblins
  6 jackals
  5 kobolds
  7 quokkas
  4 ball pythons
  5 bats
  2 frilled lizards (D:1)
  20 goblins
  14 rats
105 creatures vanquished.

Notes
Turn   | Place    | Note
-------+----------+-------------------------------------------
     0 | D:1      | zeram the Octopode Fighter began the quest for the Orb.
     0 | D:1      | Reached XP level 1. HP: 16/16 MP: 1/1
   162 | D:1      | Noticed an ogre
   162 | D:1      | Noticed an ogre
   162 | D:1      | Noticed an ogre
   162 | D:1      | Noticed an ogre
   249 | D:1      | Reached XP level 2. HP: 21/21 MP: 2/2
   623 | D:1      | Reached XP level 3. HP: 26/26 MP: 3/3
   673 | D:1      | Reached skill level 1 in Stealth
   802 | D:1      | Found a faded altar of an unknown god.
  1276 | D:2      | Noticed Natasha
  1398 | D:2      | Reached XP level 4. HP: 19/31 MP: 4/4
  1528 | D:2      | Killed Natasha
  1529 | D:2      | Reached skill level 3 in Short Blades
  1871 | D:2      | Noticed Sigmund
  1898 | D:2      | Killed Sigmund
  1899 | D:2      | Reached skill level 4 in Short Blades
  1899 | D:2      | Reached XP level 5. HP: 18/36 MP: 5/5
  1899 | D:2      | Reached XP level 6. HP: 21/42 MP: 6/6
  2140 | D:2      | Noticed Natasha
  2148 | D:2      | Killed Natasha
  2308 | D:2      | Noticed Natasha
  2372 | D:2      | Killed Natasha
  2542 | D:3      | Found a broken altar of Ashenzari.
  2586 | D:3      | Reached skill level 5 in Short Blades
  2936 | D:3      | Noticed Robin
  3206 | D:3      | Killed Robin
  3490 | D:3      | Found an iron altar of Okawaru.
  3710 | D:4      | Found a glowing drain.
  3723 | Sewer    | Entered a sewer
  3783 | Sewer    | Reached XP level 7. HP: 24/46 MP: 7/7
  3981 | Sewer    | Slain by a river rat

Illustrated notes

Levels and vault maps discovered:
D:1:      erik_arrival_cave_to_civilisation [erik_arrival_cave_to_temple],
          layout_basic, ebering_ecumenical_altar_ruins,
          hangedman_abyss_or_decor_stabs, item_on_display_a
D:2:      minmay_kobold_bridge, layout_loops_ring, uniq_natasha, uniq_sigmund
D:3:      kennysheep_the_goblin_king, layout_rooms, general_overflow_altar,
          cheibrodos_ashenzari_chains, uniq_robin
D:4:      layout_layer_cave, nicolae_elyvilon_peaceful_grove,
          mainiacjoe_overflow_cross_hatched, gup_sewer_entry_pipe,
          minmay_curled_crystal, minmay_misc_feat_cross, grunt_decor_junction,
          chequers_serial_rivers_micro_a
Sewer:    sewer_minmay_w

Skill      XL: |  1  2  3  4  5  6 |
---------------+-------------------+-----
Stealth        | 1 3 |  3.7
Short Blades   | 4 5 |  5.5
Dodging        | 4 |  4.2
Fighting       | |  3.0
Shields        | |  3.8

Action                   |  1- 3 |  4- 6 |  7- 9 || total
-------------------------+-------+-------+-------++-------
Melee: Rapier            |    68 |    92 |       ||   160
       Constrict         |    15 |    40 |     3 ||    58
       Tentacles         |    12 |    30 |     2 ||    44
       Punch             |       |     3 |     1 ||     4
       Dagger            |       |    39 |    10 ||    49
  Use: Scroll            |     4 |     5 |       ||     9
       Potion            |       |     2 |     1 ||     3
 Stab: Sleeping          |     3 |     4 |     1 ||     8
Armor: Skin              |     4 |     7 |       ||    11
Dodge: Dodged            |    43 |    67 |    17 ||   127
Block: Buckler           |     6 |    11 |     5 ||    22
